 Dungeon Crawl Stone Soup version 0.23-a0-368-g82e9058 (webtiles) character file.

47 Cryolive the Digger (level 3, 0/19 HPs)
             Began as a Gargoyle Earth Elementalist on Oct 23, 2018.
             Slain by an adder (4 damage)
             ... on level 2 of the Dungeon.
             The game lasted 00:08:04 (1249 turns).

Cryolive the Digger (Gargoyle Earth Elementalist)   Turns: 1249, Time: 00:08:04

Health: 0/19       AC:  5    Str: 11    XL:     3   Next: 70%
Magic:  6/7        EV: 12    Int: 16    God:
Gold:   52         SH:  0    Dex: 10    Spells: 3/7 levels left

rFire    . . .     SeeInvis .   i - +0 short sword (speed)
rCold    . . .     Gourm    .   (no shield)
rNeg     + . .     Faith    .   c - +0 robe
rPois    ∞         Spirit   .   (no helmet)
rElec    +         Reflect  .   (no cloak)
rCorr    .         Harm     .   (no gloves)
MR       .....                  (no boots)
Stlth    ++........             (no amulet)
HPRegen  0.06/turn              (no ring)
MPRegen  0.10/turn              (no ring)

@: no status effects
A: negative energy resistance 1, electricity resistance, unbreathing,
petrification resistance, rot immunity, AC +3
a: no special abilities


You were on level 2 of the Dungeon.
You were hungry.

You visited 1 branch of the dungeon, and saw 2 of its levels.

You collected 52 gold pieces.

Inventory:

Hand Weapons
 g - a cursed -2 whip
 i - a +0 short sword of speed (weapon)
Missiles
 b - 53 stones (quivered)
Armour
 c - a +0 robe (worn)
Scrolls
 a - a scroll of enchant weapon {unknown}
 h - a scroll of identify {unknown}
Potions
 e - 5 potions of curing {unknown}
Comestibles
 d - 2 rations
 f - 3 chunks of flesh


   Skills:
 - Level 1.5 Dodging
 - Level 2.1 Stealth
 + Level 2.9 Spellcasting
 + Level 0.6 Conjurations
   Level 0.7 Transmutations
 + Level 4.6 Earth Magic


You had 3 spell levels left.
You knew the following spells:

 Your Spells              Type           Power        Failure   Level  Hunger
a - Sandblast             Erth           ###...       2%          1    #......
b - Stone Arrow           Conj/Erth      ##....       19%         3    ###....

Your spell library contained the following spells:

 Spells                   Type           Power        Failure   Level  Hunger
 Passwall                 Tmut/Erth      ##......     10%         2    ##.....
 Petrify                  Tmut/Erth      ##......     54%         4    #####..
 Lee's Rapid Deconstruct  Erth           ###.......   61%         5    ######.


Dungeon Overview and Level Annotations

Branches:
Dungeon (2/15)

Altars:


Innate Abilities, Weirdness & Mutations

You are resistant to torment.
Your stone body is resilient. (AC +3)
You are immune to poison.
You resist negative energy. (rN+)
You are resistant to electric shocks. (rElec)
You can survive without breathing.
You are immune to petrification.
You are immune to rotting.


Message History

Aim: an adder Tha blast o' sand hits tha adder.
Tha adder be heavily wounded.
b - 53 stones Tha adder bites ye.
Ye miss tha adder.
Tha adder be heavily wounded.
Tha adder bites ye.
Ye closely miss tha adder.
Tha adder be heavily wounded.
Tha adder misses ye.
Ye hit tha adder.
Tha adder be almost dead.
Tha adder bites ye.
* * * LOW HITPOINT WARNIN'
* * * Ye be feelin' hungry.
Ye closely miss tha adder.
Tha adder be almost dead.
Tha adder bites ye.
Ye die...

###.###.#.##.#
#.. #.#
#...##.#
..##.#
######.# ..#.#
#.# #.#.#
####.# ...#
#....# #..#
#.#### #.S#
#.# #@# #.#
#># #.#######
#.# #.......#
####.#
#######.##
#....#
#.......#
#.####
#.#######
#.####### #.#
#..†....# #.#
######.## #.#


You could see an adder.

Vanquished Creatures
  An adder (D:2)
  A dart slug (D:1)
  A giant cockroach (D:2)
  8 goblins
  7 hobgoblins
  2 jackals (D:2)
  2 kobolds (D:1)
  6 bats (D:1)
  2 frilled lizards (D:1)
  2 rats (D:1)
32 creatures vanquished.

Notes
Turn   | Place    | Note
-------+----------+-------------------------------------------
     0 | D:1      | Cryolive the Gargoyle Earth Elementalist began the quest
                  | for the Orb.
     0 | D:1      | Reached XP level 1. HP: 10/10 MP: 3/3
   143 | D:1      | Reached skill level 4 in Earth Magic
   143 | D:1      | Reached XP level 2. HP: 4/15 MP: 3/5
   951 | D:1      | Reached XP level 3. HP: 12/19 MP: 6/6
  1015 | D:1      | Learned a level 3 spell: Stone Arrow
  1249 | D:2      | Slain by an adder

Vault maps used:
D:1:      enne_arrival_octagon_isle, kennysheep_minor_cross
D:2:      minitemple

Skill      XL: |  1 |
---------------+----+-----
Earth Magic    | 4 |  4.6
Dodging        | |  1.5
Stealth        | |  2.1
Spellcasting   | |  2.9
Conjurations   | |  0.6
Transmutations | |  0.7

Action                   || total
-------------------------++-------
Melee: Unarmed           ||    30
       Club              ||    64
       Short sword       ||    49
 Cast: Sandblast         ||    15
  Eat: Chunk             ||     1
Armor: Robe              ||    51
Dodge: Dodged            ||   100

Table legend:
 A = Non-vault XP
 B = Vault XP
 C = Vault XP percentage of total XP
 D = Non-vault monster count
 E = Vault monster count
 F = Vault count percentage of total count
                 A         B        C        D         E       F
            +---------+---------+-------+---------+---------+-------
      Total |      68 |       0 |   0.0 |      32 |       0 |   0.0
            +---------+---------+-------+---------+---------+-------
        D:1 |      43 |       0 |   0.0 |      25 |       0 |   0.0
        D:2 |      25 |       0 |   0.0 |       7 |       0 |   0.0
            +---------+---------+-------+---------+---------+-------
